 Dungeon Crawl Stone Soup version 0.29-a0-414-g5075937ec3 (webtiles) character file.

Game seed: 582811155626452240

37 jlumianski the Skirmisher (level 3, 0/28 (29) HPs)
             Began as a Demonspawn Fighter on May 16, 2022.
             Killed from afar by Sigmund (4 damage)
             ... with a magic dart
             ... on level 2 of the Dungeon.
             The game lasted 00:04:08 (973 turns).

jlumianski the Skirmisher (Demonspawn Fighter)       Turns: 973, Time: 00:04:09

HP:   0/28 (29)     AC:  7    Str: 18    XL:     3   Next: 21%
MP:   3/3           EV:  9    Int:  9    God:
Gold: 20            SH:  4    Dex: 12    Spells: 2/2 levels left

rFire   . . .      SeeInvis .   a - +0 war axe
rCold   . . .      Faith    .   c - +0 buckler
rNeg    . . .      Spirit   .   b - +0 scale mail
rPois   .          Reflect  .   (no helmet)
rElec   .          Harm     .   (no cloak)
rCorr   .          Rampage  .   (no gloves)
Will    .....                   j - +0 pair of boots
Stlth   ..........              (no amulet)
HPRegen 0.09/turn               (no ring)
MPRegen 0.08/turn               (no ring)

@: lightly drained
A: hooves 1
a: no special abilities


You were on level 2 of the Dungeon.
You visited 1 branch of the dungeon, and saw 2 of its levels.

You collected 20 gold pieces.

Inventory:

Hand Weapons
 a - a +0 war axe (weapon)
Missiles
 e - 3 javelins (quivered)
 g - 15 stones
Armour
 b - a +0 scale mail (worn)
 c - a +0 buckler (worn)
 j - a +0 pair of boots (worn)
Scrolls
 f - a scroll of immolation {unknown}
 i - a scroll of identify {unknown}
 k - a scroll of brand weapon {unknown}
Potions
 d - a potion of might
 h - a potion of degeneration {unknown}
 l - a potion of magic {unknown}


   Skills:
 + Level 3.4 Fighting
 + Level 2.3 Axes
 + Level 2.9 Armour
 + Level 0.3 Dodging
 + Level 3.0 Shields


You had 2 spell levels left.
You didn't know any spells.
Your spell library was empty.

Dungeon Overview and Level Annotations

Branches:
Dungeon (2/15)

Altars:

Shops:
D:1 !   D:2 =

Annotations:
D:2 Sigmund


Innate Abilities, Weirdness & Mutations

You have large cloven feet.


Message History

You hit Sigmund but do no damage.
Sigmund is moderately wounded.
Sigmund gestures at you while chanting. The puff of flame misses you.
Sigmund points at you and mumbles some strange words.
You are confused.
You bump into the rock wall.
Sigmund barely misses you.
You bump into the rock wall.
The giant cockroach closely misses you.
You slash the giant cockroach!
You kill the giant cockroach!
You barely miss Sigmund.
Sigmund points at you and mumbles some strange words.
The magic dart hits you. Sigmund barely misses you.
Your Shields skill increases to level 3!
You miss Sigmund.
Sigmund is moderately wounded.
Sigmund hits you with a +0 scythe.
You slash Sigmund!
Sigmund is heavily wounded.
Sigmund hits you but does no damage.
You bump into the rock wall.
You feel less confused.
You closely miss Sigmund.
Sigmund is heavily wounded.
Sigmund gestures at you while chanting. The magic dart hits you!
Sigmund casts a spell.
Sigmund flickers and vanishes!
Deactivating autopickup; reactivate with Ctrl-A.
You hit something. Something hits you!
* * * LOW HITPOINT WARNING * * *
You miss something.
You hear some strange, mumbled words.
A puff of flame appears from out of thin air!
The puff of flame misses you.
You miss something.
You hear some strange, mumbled words.
A magic dart appears from out of thin air!
The magic dart hits you.
You die...

### #.# #.# #.#
#.#
#.##########.##..
#........@{....(#
###.......†..##..
#.########## #.#
#.# #.# #######
#.# #.....#
######### #.#
#.....# #........
#.###.....#
#........


There were no monsters in sight!

Vanquished Creatures
  2 adders (D:2)
  2 endoplasms (D:1)
  3 giant cockroaches
  2 goblins (D:1)
  2 quokkas (D:1)
  A ball python (D:1)
  2 bats
  A frilled lizard (D:2)
  A kobold (D:2)
  2 rats
18 creatures vanquished.

Notes
Turn   | Place    | Note
-------+----------+-------------------------------------------
     0 | D:1      | jlumianski the Demonspawn Fighter began the quest for the
                  | Orb.
     0 | D:1      | Reached XP level 1. HP: 18/18 MP: 1/1
   149 | D:1      | Discovered your monstrous ancestry.
   149 | D:1      | Gained mutation: You have large cloven feet. [demonic
                  | ancestry]
   149 | D:1      | Reached XP level 2. HP: 24/24 MP: 2/2
   439 | D:1      | Found Torch's Distillery.
   806 | D:2      | Found Fybuhin's Jewellery Shop.
   824 | D:2      | Reached XP level 3. HP: 28/29 MP: 3/3
   958 | D:2      | Noticed Sigmund
   973 | D:2      | Killed from afar by Sigmund

Illustrated notes

Levels and vault maps discovered:
D:1:      psy_arrival_heroes, layout_rooms, serial_shops, nicolae_shop_trees,
          kennysheep_doodads
D:2:      layout_basic, serial_shops, nicolae_shop_advertising_works
          [nicolae_subvault_shop_adworks], hangedman_abyss_or_decor_lesser_grid,
          grunt_ministairs_4, dk_noncrumbling_3, uniq_sigmund

Skill      XL: |  1  2  3 |
---------------+----------+-----
Axes           | 2 |  2.3
Shields        | 3 |  3.0
Fighting       | |  3.4
Armour         | |  2.9
Dodging        | |  0.3

Action                   || total
-------------------------++-------
Melee: War axe           ||    57
       Kick              ||     2
Throw: Javelin           ||     5
Armor: Scale mail        ||    34
Dodge: Dodged            ||    35
Block: Buckler           ||    16

Table legend: (Time is in decaauts)
 A = Elapsed time spent in this place.
 B = Non-inter-level travel time spent in this place.
 C = Inter-level travel time spent in this place.
 D = Time resting spent in this place.
 E = Time spent auto-exploring this place.
 F = Levels seen in this place.
 G = Mean time per level.
                   A        B        C        D        E       F      G
               +--------+--------+--------+--------+--------+-----+--------+
         Total |   1000 |    987 |     13 |      0 |    691 |   2 |  500.0 |
       Dungeon |   1000 |    987 |     13 |      0 |    691 |   2 |  500.0 |
               +--------+--------+--------+--------+--------+-----+--------+

Top non-repeatable levels by time:
     D:1: 603 daAuts
     D:2: 397 daAuts
